 Dungeon Crawl Stone Soup version 0.27.1-34-g3ba077fa99 (webtiles) character file.

Game seed: 5434853018908162540

18 Karpo the Sneak (level 2, -1/13 HPs)
             Began as a Spriggan Enchanter on Jan 25, 2022.
             Slain by an adder (4 damage)
             ... on level 4 of the Dungeon.
             The game lasted 00:01:46 (778 turns).

Karpo the Sneak (Spriggan Enchanter)                 Turns: 778, Time: 00:01:48

Health: -1/13      AC:  2    Str:  4    XL:     2   Next: 48%
Magic:  4/6        EV: 17    Int: 16    God:
Gold:   62         SH:  0    Dex: 15    Spells: 3/6 levels left

rFire    . . .     SeeInvis +   a - +1 dagger
rCold    . . .     Faith    .   (shield restricted)
rNeg     . . .     Spirit   .   b - +0 robe
rPois    .         Reflect  .   (helmet restricted)
rElec    .         Harm     .   (no cloak)
rCorr    +         Rampage  .   (gloves unavailable)
Will     .....                  (boots unavailable)
Stlth    +++.......             (no amulet)
HPRegen  0.04/turn              d - ring of resist corrosion
MPRegen  0.10/turn              (no ring)

@: lethally poisoned (-1 -> -3), very quick
A: very small, no large weapons, unfitting armour, see invisible, speed 3
a: no special abilities


You were on level 4 of the Dungeon.
You visited 1 branch of the dungeon, and saw 5 of its levels.

You collected 62 gold pieces.

Inventory:

Hand Weapons
 a - a +1 dagger (weapon)
Armour
 b - a +0 robe (worn)
Jewellery
 d - a ring of resist corrosion (left hand)
Wands
 c - a wand of digging (6)
Scrolls
 e - a scroll of blinking {unknown}


   Skills:
 + Level 2.1 Short Blades
 - Level 2.6 Dodging
 + Level 5.2 Stealth
 - Level 2.6 Spellcasting
 - Level 3.6 Hexes


You had 3 spell levels left.
You knew the following spells:

 Your Spells              Type           Power      Damage    Failure   Level
a - Corona                Hex            14%        N/A       4%          1
b - Ensorcelled Hibernat  Hex/Ice        14%        N/A       14%         2

Your spell library contained the following spells:

 Spells                   Type           Power      Damage    Failure   Level
 Confusing Touch          Hex            13%        N/A       13%         3
 Tukima's Dance           Hex            13%        N/A       13%         3
 Dazzling Flash           Conj/Hex       14%        N/A       28%         3


Dungeon Overview and Level Annotations

Branches:
Dungeon (5/15)
 Temple: D:4-7

Altars:


Innate Abilities, Weirdness & Mutations

You are very small and have problems with some larger weapons.
You are too small for most types of armour.
You have supernaturally acute eyesight. (SInv)
You cover ground extremely quickly. (Speed+++)


Message History

You hit the giant cockroach.
You kill the giant cockroach!
e - a scroll labelled OHOZUH HEGORIE
Found a stone staircase leading down.
You start resting.
HP restored.
There is a stone staircase leading down here.
You climb downwards.
There is a stone staircase leading up here.
Found a stone staircase leading down.
There is a stone staircase leading down here.
You climb downwards.
There is a stone staircase leading up here.
You climb upwards.
There is a stone staircase leading down here.
An adder comes into view.
The adder hisses angrily.
The adder bites you. The adder bites you.
You are poisoned.
The adder poisons you!
You hit the adder but do no damage.
You feel sick. The adder bites you.
You hit the adder.
The adder is lightly wounded.
You feel sick. The adder misses you.
You hit the adder but do no damage.
The adder is lightly wounded.
You feel sick. The adder closely misses you.
You hit the adder.
The adder is moderately wounded.
* * * LOW HITPOINT WARNING * * *
You feel sick. The adder misses you.
Cast which spell? (? or * to list)
Aiming: Ensorcelled Hibernation (safe; 14% risk of failure)
Press: ? - help, Shift-Dir - straight line, f - adder
Aim: an adder (moderately wounded, chance to affect: 48%)
The adder resists with some effort.
* * * LOW HITPOINT WARNING * * *
You feel sick. The adder misses you. The adder bites you.
You die...

#### ..... .....
......
......###############
..........>..........
......#.####.....####
......#.####.......<#
.......S@.##.....##.#
..........##.....##.#
....##....##.....####
... #....#♣♣♣♣### ..
#...♣♣ . #..♣♣ ##+♣


You could see an adder.

Vanquished Creatures
  An adder (D:3)
  A ball python (D:3)
  A giant cockroach (D:3)
  A jackal (D:2)
  3 kobolds
7 creatures vanquished.

Notes
Turn   | Place    | Note
-------+----------+-------------------------------------------
     0 | D:1      | Karpo the Spriggan Enchanter began the quest for the Orb.
     0 | D:1      | Reached XP level 1. HP: 9/9 MP: 5/5
   480 | D:3      | Reached skill level 5 in Stealth
   480 | D:3      | Reached XP level 2. HP: 9/13 MP: 6/6
   483 | D:3      | Learned a level 2 spell: Ensorcelled Hibernation
   765 | D:5      | Entered Level 5 of the Dungeon
   778 | D:4      | Slain by an adder

Illustrated notes

Levels and vault maps discovered:
D:1:      kennysheep_arrival_forest, layout_loops_ring, minmay_misc_feat_doors
D:2:      layout_basic, dk_noncrumbling_3
D:3:      layout_basic, brannock_xom_greatest_gift, grunt_decor_resistance,
          hex_medium, grunt_decor_one_mirror, serial_bayou_pond_c
D:4:      layout_basic, makhleb_heckhound_becter, amcnicky_altar_gilded,
          nicolae_ru_awakened_eye, wad_woods_river_04, hangedman_decor_growths
D:5:      layout_rooms, minmay_temple_entry_gardened_gates, lightli_minifort

Skill      XL: |  1 |
---------------+----+-----
Short Blades   | 2 |  2.1
Stealth        | 5 |  5.2
Dodging        | |  2.6
Spellcasting   | |  2.6
Hexes          | |  3.6

Action                   || total
-------------------------++-------
Melee: Dagger            ||    40
 Cast: Ensorcelled Hiber ||     1
 Stab: Sleeping          ||     1
Armor: Robe              ||     1
Dodge: Dodged            ||    33
